 Dungeon Crawl Stone Soup version 0.26-a0-498-g0fdccc9 (webtiles) character file.

Game seed: 10939953528782230914

34 Anno the Sneak (level 3, -2/29 HPs)
             Began as a Human Delver on Aug 6, 2020.
             Was an Initiate of Okawaru.
             Slain by a white imp (4 damage)
             ... on level 6 of the Dungeon.
             The game lasted 00:03:11 (766 turns).

Anno the Sneak (Human Delver)                        Turns: 766, Time: 00:03:11

Health: -2/29      AC:  4    Str: 12    XL:     3   Next: 50%
Magic:  3/3        EV: 12    Int: 10    God:    Okawaru [......]
Gold:   0          SH:  0    Dex: 15    Spells: 2/2 levels left

rFire    . . .     SeeInvis .   a - +0 falchion
rCold    . . .     Faith    .   (no shield)
rNeg     . . .     Spirit   .   b - +0 leather armour
rPois    .         Reflect  .   i - +0 helmet
rElec    .         Harm     .   (no cloak)
rCorr    .                      (no gloves)
MR       .....                  (no boots)
Stlth    +++.......             (no amulet)
HPRegen  0.09/turn              (no ring)
MPRegen  0.08/turn              (no ring)

@: no status effects
A: no striking features
a: Renounce Religion


You were on level 6 of the Dungeon.
You worshipped Okawaru.
Okawaru was noncommittal.
You visited 2 branches of the dungeon, and saw 3 of its levels.

Inventory:

Hand Weapons
 a - a +0 falchion (weapon)
Armour
 b - a +0 leather armour (worn)
 i - a +0 helmet (worn)
Jewellery
 h - an uncursed ring of protection from magic {unknown}
Wands
 g - a wand of digging (3)
Scrolls
 c - a scroll of fog
 d - a scroll of magic mapping
 e - a scroll of fear
Potions
 f - 2 potions of haste


   Skills:
 + Level 3.2 Fighting
 + Level 2.1 Long Blades
 - Level 2.0 Dodging
 + Level 5.8 Stealth


You had 2 spell levels left.
You didn't know any spells.
Your spell library was empty.

Dungeon Overview and Level Annotations

Branches:
Dungeon (6/15)             Temple (1/1) D:6

Altars:
Ashenzari
Dithmenos
Elyvilon
Fedhas
Gozag
Hepliaklqana
Kikubaaqudgha
Makhleb
Okawaru
Ru
Sif Muna
Trog
Uskayaw
Vehumet
Wu Jian
Xom
Zin
The Shining One

Annotations:
D:6 exclusion: centaur


Message History

The white imp shouts, "Face thy fugue, thou tottering toad-spotted surfacer!"
You closely miss the white imp. The white imp gestures at you.
The puff of frost hits you. The white imp hits you. The white imp freezes you.
You closely miss the white imp. The white imp closely misses you.
You riposte.
You hit the white imp but do no damage. You hit the white imp.
The white imp is heavily wounded.
The white imp misses you.
You hit the white imp but do no damage.
The white imp is heavily wounded.
The white imp gestures at you. The puff of frost hits you.
* * * LOW HITPOINT WARNING * * *
You hit the white imp.
The white imp is severely wounded.
The white imp hits you.
* * * LOW HITPOINT WARNING * * *
The white imp freezes you.
You die...

#.....#...#
#.....#...#.....#.....
#.....#...+.....#.....
#.....#...#.....#....
#.....#...#.....#...#
#.....#...#.....#...##
#...!.#...#.....#.....
#...5@'...#.....#.....
#.....#...#.....'.....
#.....#...#.....#.....
#.....#...+.....#.....
#.....#...#.....#.....
#.....#...#.....#.....
#.....#'###.....###'##
#...............+.....
#...............#.....


You could see a white imp.

Vanquished Creatures
  A worker ant (D:6)
  An adder (D:6)
  2 jackals (D:6)
4 creatures vanquished.

Notes
Turn   | Place    | Note
-------+----------+-------------------------------------------
     0 | D:5      | Anno the Human Delver began the quest for the Orb.
     0 | D:5      | Reached XP level 1. HP: 18/18 MP: 1/1
     5 | D:5      | Noticed a phantom
     7 | D:5      | Noticed a worker ant
    16 | D:6      | Reached XP level 2. HP: 9/24 MP: 2/2
   282 | D:6      | Found a staircase to the Ecumenical Temple.
   287 | D:6      | Noticed a scorpion
   291 | Temple   | Entered the Ecumenical Temple
   537 | Temple   | Became a worshipper of Warmaster Okawaru
   616 | D:6      | Noticed a centaur
   633 | D:6      | Found a blossoming altar of Fedhas.
   715 | D:6      | Reached XP level 3. HP: 20/29 MP: 3/3
   766 | D:6      | Slain by a white imp

Illustrated notes

Levels and vault maps discovered:
D:5:      layout_basic, grunt_qazlal_clouds, minmay_starry_boxes
D:6:      layout_gridville, minmay_temple_entry_ruins, basic_altar,
          dk_noncrumbling_4
Temple:   dpeg_five_rooms_temple

Action                   || total
-------------------------++-------
Melee: Falchion          ||    17
Armor: Leather armour    ||     2
Dodge: Dodged            ||    12
       Rpst.: Falchion   ||     8

Table legend: (Time is in decaauts)
 A = Elapsed time spent in this place.
 B = Non-inter-level travel time spent in this place.
 C = Inter-level travel time spent in this place.
 D = Time resting spent in this place.
 E = Time spent auto-exploring this place.
 F = Levels seen in this place.
 G = Mean time per level.
                   A        B        C        D        E       F      G
               +--------+--------+--------+--------+--------+-----+--------+
         Total |    769 |    666 |    103 |    258 |    238 |   3 |  256.3 |
       Dungeon |    472 |    472 |      0 |    258 |     50 |   2 |  236.0 |
        Temple |    296 |    193 |    103 |      0 |    188 |   1 |  296.0 |
               +--------+--------+--------+--------+--------+-----+--------+

Top non-repeatable levels by time:
     D:6: 460 daAuts
  Temple: 296 daAuts
     D:5: 12 daAuts
